 Dungeon Crawl Stone Soup version 0.22-a0-231-g1b571ea (webtiles) character file.

823 mortelune the Chiller (level 7, -9/46 HPs)
             Began as a Demonspawn Ice Elementalist on Feb 20, 2018.
             Was an Initiate of Makhleb.
             Mangled by a wight
             ... wielding a +3 halberd
              (17 damage)
             ... on level 6 of the Dungeon.
             The game lasted 00:22:03 (9353 turns).

mortelune the Chiller (Demonspawn Ice Elementalist) Turns: 9353, Time: 00:22:04

Health: -9/46      AC:  4    Str:  8    XL:     7   Next: 64%
Magic:  13/13      EV: 12    Int: 20    God:    Makhleb [......]
Gold:   205        SH:  0    Dex: 16    Spells: 0/14 levels left

rFire    . . .     SeeInvis .   q - -1 morningstar (curse)
rCold    . . .     Gourm    .   (no shield)
rNeg     . . .     Faith    .   a - +0 robe
rPois    +         Spirit   .   (no helmet)
rElec    .         Reflect  .   (no cloak)
rCorr    .         Harm     .   m - +1 pair of gloves
MR       .....                  (no boots)
Stlth    ++........             (no amulet)
HPRegen  0.15/turn              r - +2 ring of intelligence
MPRegen  0.13/turn              l - ring of poison resistance

@: drained
A: thin skeletal structure 1, powered by pain 2
a: Renounce Religion


You were on level 6 of the Dungeon.
You worshipped Makhleb.
Makhleb was noncommittal.
You were hungry.

You visited 2 branches of the dungeon, and saw 7 of its levels.

You collected 205 gold pieces.

Inventory:

Hand Weapons
 d - a +0 club
 n - a +0 trident
 q - a cursed -1 morningstar (weapon)
Armour
 a - a +0 robe (worn)
 m - a +1 pair of gloves (worn)
Jewellery
 e - an uncursed ring of flight
 l - a ring of poison resistance (right hand)
 r - a +2 ring of intelligence (left hand)
Scrolls
 f - a scroll of blinking
 g - 3 scrolls of teleportation
 h - a scroll of enchant weapon
 j - 2 scrolls of identify
 k - a scroll of random uselessness
 o - a scroll of magic mapping
 p - a scroll of amnesia
 t - a scroll of fog {unknown}
Potions
 c - 3 potions of heal wounds
 i - 2 potions of flight
 s - a potion of lignification
Comestibles
 b - 5 rations


   Skills:
 - Level 1.7(1.5) Dodging
 - Level 1.7(1.5) Stealth
 + Level 4.4(4.2) Spellcasting
 + Level 4.1(3.9) Conjurations
 * Level 6.2(6.0) Ice Magic


You couldn't memorise any spells.
You knew the following spells:

 Your Spells              Type           Power        Failure   Level  Hunger
a - Freeze                Ice            ####         1%          1    None
b - Throw Frost           Conj/Ice       ###...       2%          2    #......
c - Ozocubu's Armour      Chrm/Ice       ###.....     11%         3    ###....
d - Summon Ice Beast      Ice/Summ       ###.....     34%         4    ####...
e - Throw Icicle          Conj/Ice       ###.....     16%         4    ####...


Dungeon Overview and Level Annotations

Branches:
Dungeon (6/15)             Temple (1/1) D:5

Altars:
Cheibriados
Dithmenos
Fedhas
Hepliaklqana
Kikubaaqudgha
Makhleb
Ru
Uskayaw
Vehumet
Wu Jian
Xom
Yredelemnul
Zin
The Shining One

Annotations:
D:2 1 runed door, Natasha
D:5 TheDeThijs's ghost, novice DEFE


Innate Abilities, Weirdness & Mutations

You have a somewhat thin skeletal structure. (Dex +2, Stealth)
You sometimes gain power by taking damage.


Message History

You focus on the pain.
You feel your power returning.
Your ice beast hits the wight but does no damage.
The wight closely misses your ice beast.
Your ice beast hits the wight but does no damage.
You barely miss the wight.
Your ice beast hits the wight.
Your ice beast freezes the wight.
The wight resists.
The wight barely misses you.
Your ice beast closely misses the wight.
The wight hits your ice beast with a mace.
Your ice beast hits the wight.
The wight is destroyed!
Makhleb accepts your kill.
Your ice beast barely misses the wight.
You hit the wight.
The wight is moderately damaged.
The wight hits you with an enchanted halberd!
* * * LOW HITPOINT WARNING * * *
Your ice beast hits the wight but does no damage. x2
The wight hits you with an enchanted halberd!
You die...

#.#.# #.#.# #.#.#
#.#.## #.... ######
#..## #....#### #.z)#
##.##....####@YY###
##...##......#.....#
##.....###.####.#.###
##.......##.# #.#=>#
....._......#
#.?#.#####
.#.......#..#
#.........
.##.....###.#
#....#####
..##...####.# #....#
#.###.##....#
#....#####


You could see a wight and 2 friendly ice beasts.

Vanquished Creatures
  A sky beast (D:5)
  An ogre (D:4)
  2 scorpions
  A centaur skeleton (D:5)
  An orc priest (D:4)
  2 hounds
  3 orc wizards
  Natasha (D:2)
  2 iguanas (D:4)
  2 worker ants
  2 hound skeletons
  An adder (D:2)
  5 gnolls
  An ooze (D:3)
  3 worms
  3 dart slugs
  5 leopard geckos
  10 orcs
  2 ball pythons
  4 giant cockroaches
  5 goblins
  9 hobgoblins
  10 jackals
  9 kobolds
  3 quokkas
  5 bats
  5 frilled lizards
  A leopard gecko skeleton (D:4)
  5 rats
104 creatures vanquished.

Vanquished Creatures (collateral kills)
  A wight (D:6)
1 creature vanquished.

Vanquished Creatures (others)
  3 plants (D:4)
3 creatures vanquished.

Grand Total: 108 creatures vanquished

Notes
Turn   | Place    | Note
-------+----------+-------------------------------------------
     0 | D:1      | mortelune the Demonspawn Ice Elementalist began the quest for the Orb.
     0 | D:1      | Reached XP level 1. HP: 13/13 MP: 3/3
   190 | D:1      | Reached skill level 3 in Ice Magic
   279 | D:1      | Gained mutation: You have a somewhat thin skeletal structure. (Dex +2, Stealth) [demonic ancestry]
   279 | D:1      | Reached XP level 2. HP: 19/19 MP: 3/5
   442 | D:1      | Learned a level 2 spell: Throw Frost
  1244 | D:1      | Reached XP level 3. HP: 24/24 MP: 4/6
  2120 | D:2      | Learned a level 3 spell: Ozocubu's Armour
  2517 | D:2      | Found a runed door.
  3192 | D:2      | Noticed Natasha
  3440 | D:2      | Reached XP level 4. HP: 30/30 MP: 2/8
  4161 | D:2      | Found a shadowy altar of Dithmenos.
  4170 | D:2      | Found a hazy altar of Hepliaklqana.
  4170 | D:2      | Found a blossoming altar of Fedhas.
  4784 | D:2      | Killed Natasha
  4784 | D:2      | Reached skill level 4 in Ice Magic
  5029 | D:2      | Noticed Natasha
  5506 | D:3      | Gained mutation: You sometimes gain a little power by taking damage. [demonic ancestry]
  5506 | D:3      | Reached XP level 5. HP: 27/35 MP: 1/9
  6076 | D:4      | Noticed an ogre
  6538 | D:4      | Learned a level 4 spell: Summon Ice Beast
  6586 | D:4      | Reached XP level 6. HP: 41/41 MP: 4/11
  7058 | D:4      | Reached skill level 5 in Ice Magic
  7666 | D:4      | Gained mutation: You sometimes gain power by taking damage. [demonic ancestry]
  7666 | D:4      | Reached XP level 7. HP: 36/46 MP: 2/12
  7859 | D:5      | Entered Level 5 of the Dungeon
  7928 | D:5      | HP: 1/46 [sky beast (6)]
  8472 | D:5      | Found a staircase to the Ecumenical Temple.
  8482 | Temple   | Entered the Ecumenical Temple
  8683 | Temple   | Became a worshipper of Makhleb the Destroyer
  8734 | D:5      | Reached skill level 6 in Ice Magic
  9033 | D:5      | Noticed TheDeThijs's ghost (novice DEFE)
  9254 | D:6      | Learned a level 4 spell: Throw Icicle
  9290 | D:6      | Found a basalt altar of Yredelemnul.
  9353 | D:6      | Mangled by a wight

Vault maps used:
D:1:      minmay_arrival_four_houses
D:2:      minitemple, hangedman_decor_points, kennysheep_decorative_pillar,
          uniq_crazy_yiuf_cottage, uniq_natasha
D:4:      serial_bayou_ford_a
D:5:      lemuel_doored_altar, temple_doors_e, first_ration
D:6:      lemuel_round_altar, kennysheep_mini, gammafunk_temple_overflow_wave
Temple:   dpeg_chambers_temple

Skill      XL: |  1  2  3  4  5  6  7 |
---------------+----------------------+-----
Ice Magic      | 3 4 5 6 |  6.2
Spellcasting   | 3 4 |  4.4
Conjurations   | 2 3 4 |  4.1
Dodging        | |  1.7
Stealth        | |  1.7

Action                   |  1- 3 |  4- 6 |  7- 9 || total
-------------------------+-------+-------+-------++-------
Melee: Unarmed           |     7 |       |       ||     7
       Club              |    11 |    34 |       ||    45
       Trident           |       |     8 |       ||     8
       Morningstar       |       |       |    14 ||    14
 Cast: Freeze            |    55 |    48 |    19 ||   122
       Throw Frost       |    24 |    76 |    17 ||   117
       Ozocubu's Armour  |       |     7 |     1 ||     8
       Summon Ice Beast  |       |       |     2 ||     2
  Use: Scroll            |     5 |     6 |     3 ||    14
  Eat: Chunk             |     6 |    10 |     2 ||    18
       Ration            |     1 |     2 |     1 ||     4
Armor: Robe              |    13 |    19 |     6 ||    38
Dodge: Dodged            |    33 |    60 |    12 ||   105

Table legend:
 A = Spawn XP
 B = Non-spawn XP
 C = Spawn XP percentage of total XP
 D = Spawn monster count
 E = Non-spawn monster count
 F = Spawn count percentage of total count
 G = Total turns spent on level
                    A         B        C        D         E        F      G
               +---------+---------+-------+---------+---------+-------+---------
         Total |       0 |    1177 |   0.0 |       0 |     105 |   0.0 |  9353
               +---------+---------+-------+---------+---------+-------+---------
           D:1 |       0 |      60 |   0.0 |       0 |      25 |   0.0 |  2414
           D:2 |       0 |     120 |   0.0 |       0 |      35 |   0.0 |  2729
           D:3 |       0 |      53 |   0.0 |       0 |      14 |   0.0 |  1327
           D:4 |       0 |     515 |   0.0 |       0 |      21 |   0.0 |  1389
           D:5 |       0 |     316 |   0.0 |       0 |       7 |   0.0 |  1028
           D:6 |       0 |     113 |   0.0 |       0 |       3 |   0.0 |   256
               +---------+---------+-------+---------+---------+-------+---------
